 Dungeon Crawl Stone Soup version 0.29-a0-380-gf50f0a9fbc (webtiles) character file.

Game seed: 10763892306953181537

70266 swappor the Warrior (level 14, -3/140 HPs)
             Began as a Minotaur Berserker on May 5, 2022.
             Was a High Priest of Trog.
             Killed by an exploding ball lightning (22 damage)
             ... on level 6 of the Lair of Beasts.
             The game lasted 01:57:10 (29820 turns).

swappor the Warrior (Minotaur Berserker)           Turns: 29820, Time: 01:57:11

Health: -3/140     AC: 25    Str: 29    XL:     14   Next: 93%
Magic:  13/13      EV: 11    Int:  8    God:    Trog [*****.]
Gold:   521        SH:  5    Dex: 10    Spells: 13/13 levels left

rFire   + + +      SeeInvis +   b - +8 war axe of Diet Blood {vorpal, rC+ Str+6}
rCold   + . .      Faith    .   l - +2 buckler
rNeg    + . .      Spirit   .   f - +3 plate armour
rPois   .          Reflect  .   (helmet restricted)
rElec   .          Harm     .   (no cloak)
rCorr   +          Rampage  .   c - +1 pair of gloves
Will    .....                   g - +1 pair of boots
Stlth   ..........              k - amulet of Altruism {rF+++ Will- Regen+ rCorr SInv}
HPRegen 1.13/turn               o - ring of positive energy {rN+}
MPRegen 0.13/turn               C - ring of see invisible {sInv, !d}

@: hasted, very quick
A: horns 2, retaliatory headbutt
a: Renounce Religion, Berserk, Trog's Hand, Brothers in Arms


You were on level 6 of the Lair of Beasts.
You worshipped Trog.
Trog was extremely pleased with you.
You visited 4 branches of the dungeon, and saw 19 of its levels.

You collected 1739 gold pieces.
You spent 1218 gold pieces at shops.

Inventory:

Hand Weapons
 a - the +9 trident of Evisceration {venom, Str+2}
   (You found it on level 5 of the Dungeon)

   It poisons the flesh of those it strikes.
   Str:       It affects your strength (+2).
 b - the +8 war axe of Diet Blood (weapon) {vorpal, rC+ Str+6}
   (Trog gifted it to you on level 2 of the Lair of Beasts)

   It inflicts extra damage upon your enemies.
   Str:       It affects your strength (+6).
   rC:        It protects you from cold.
Missiles
 j - 4 throwing nets {!d}
Armour
 c - a +1 pair of gloves (worn)
   (You found it on level 6 of the Lair of Beasts)
 f - a +3 plate armour (worn)
   (You took it off an orc warrior on level 2 of the Orcish Mines)
 g - a +1 pair of boots (worn)
   (You found it on level 1 of the Dungeon)
 l - a +2 buckler (worn)
   (You took it off a spriggan rider on level 6 of the Lair of Beasts)
Jewellery
 k - the amulet of Altruism (around neck) {rF+++ Will- Regen+ rCorr SInv}
   (You acquired it on level 2 of the Orcish Mines)

   [amulet of regeneration]

   rF:        It renders you almost immune to fire.
   SInv:      It lets you see invisible.
   Regen:     It increases your rate of health regeneration.
   rCorr:     It protects you from acid and corrosion.
   Will:      It decreases your willpower.
 o - a ring of positive energy (left hand) {rN+}
   (You found it on level 3 of the Dungeon)
 C - a ring of see invisible (right hand) {sInv, !d}
   (You found it on level 2 of the Lair of Beasts)
Wands
 e - a wand of charming (5)
   (You found it on level 9 of the Dungeon)
 h - a wand of acid (12)
   (You found it on level 3 of the Lair of Beasts)
 i - a wand of iceblast (2)
   (You found it on level 10 of the Dungeon)
 q - a wand of flame (25)
   (You found it on level 6 of the Dungeon)
 y - a wand of mindburst (7)
   (You found it on level 9 of the Dungeon)
Scrolls
 m - a scroll of enchant armour
 p - a scroll of identify {@r1}
 r - 2 scrolls of fog
 s - a scroll of brand weapon
 t - 3 scrolls of poison {!r}
 A - 3 scrolls of enchant weapon
 D - 4 scrolls of blinking {!r}
 E - a scroll of fear
 K - 2 scrolls of immolation {!r}
 O - 4 scrolls of silence
 S - 2 scrolls of summoning
 V - 7 scrolls of vulnerability {!r!r}
 X - a scroll of magic mapping {@r4!r}
 Y - 7 scrolls of teleportation {@r3}
Potions
 d - 2 potions of magic
 n - 5 potions of attraction {!q}
 H - 2 potions of haste
 I - 3 potions of invisibility
 J - 7 potions of curing {@q1}
 L - a potion of flight
 M - 3 potions of might
 N - 3 potions of heal wounds {@q2}
 P - a potion of lignification {!q}
 R - 7 potions of resistance
 T - 5 potions of berserk rage {!q}
 U - 9 potions of mutation {!q}
Miscellaneous
 w - a phial of floods (inert)
   (You found it on level 10 of the Dungeon)
 z - a box of beasts (inert)
   (You bought it in a shop on level 2 of the Orcish Mines)


   Skills:
 - Level 17.0 Fighting
 * Level 13.1(13.4) Axes
 - Level 4.5(9.6) Polearms
 + Level 16.2 Armour
 + Level 11.6 Dodging
 - Level 10.0 Evocations


You had 13 spell levels left.
You didn't know any spells.
Your spell library was empty.

Dungeon Overview and Level Annotations

Branches:
Dungeon (10/15)            Temple (1/1) D:6            Lair (6/6) D:8
 Shoals (0/4) Lair:4       Spider (0/4) Lair:3        Slime (0/5) Lair:5
    Orc (2/2) D:10            Elf (0/3) Orc:2

Altars:
Ashenzari
Cheibriados
Dithmenos
Elyvilon
Fedhas
Gozag
Hepliaklqana
Kikubaaqudgha
Makhleb
Nemelex Xobeh
Okawaru
Qazlal
Ru
Sif Muna
Trog
Uskayaw
Vehumet
Wu Jian
Xom
Yredelemnul
Zin
The Shining One

Shops:
D:2 *   Orc:2 =*(!*

Portals:
Pandemonium: Orc:2

Annotations:
Lair:6 pigah's ghost, journeyman OpAE


Innate Abilities, Weirdness & Mutations

You have a pair of horns on your head.
You reflexively headbutt those who attack you in melee.


Message History

The 11-headed hydra bites you but does no damage.
The 11-headed hydra bites you!
The 11-headed hydra bites you but does no damage. x3
You block the 11-headed hydra's attack. The 11-headed hydra misses you.
The 11-headed hydra bites you but does no damage.
You take 16 damage, and have 62/140 hp.
You swap places.
Something bites your juvenile fireox beast.
Something bites your juvenile fireox beast but does no damage.
Something bites your juvenile fireox beast.
Something bites your juvenile fireox beast! x2
Something completely misses your juvenile fireox beast.
Something bites your juvenile fireox beast but does no damage.
Something bites your juvenile fireox beast! x3
Your juvenile fireox beast dies!
Your juvenile fireox beast's corpse disappears in a puff of smoke!
Okay, then.
Aim the phial where?
Aim: an 11-headed hydra (heavily wounded)
The torrent of water hits the 11-headed hydra!!
The wave splashes down.
Splash!
You fall into the shallow water.
Moving in this stuff is going to be slow.
The 11-headed hydra bites you.
The 11-headed hydra bites you but does no damage.
You block the 11-headed hydra's attack.
The 11-headed hydra bites you but does no damage. x3
The 11-headed hydra bites you. The 11-headed hydra misses you.
The 11-headed hydra bites you.
The 11-headed hydra bites you but does no damage. x2
You take 8 damage, and have 57/140 hp.
You chop one of the 11-headed hydra's heads off!
The ten-headed hydra grows two more!
You slice the 12-headed hydra!!
Pigah's ghost says, "Resistance is futile!"
You block the 12-headed hydra's attack.
The 12-headed hydra bites you but does no damage.
The 12-headed hydra completely misses you.
The 12-headed hydra bites you but does no damage.
The 12-headed hydra closely misses you.
The 12-headed hydra bites you but does no damage. x2
The 12-headed hydra bites you! x2
* * * LOW HITPOINT WARNING * * *
The 12-headed hydra bites you but does no damage.
The 12-headed hydra bites you.
* * * LOW HITPOINT WARNING * * *
The 12-headed hydra bites you but does no damage.
You take 20 damage, and have 37/140 hp.
Your unstable footing causes you to fumble your attack.
The 12-headed hydra closely misses you.
The 12-headed hydra bites you but does no damage. x2
The 12-headed hydra completely misses you.
The 12-headed hydra bites you.
* * * LOW HITPOINT WARNING * * *
The 12-headed hydra completely misses you.
The 12-headed hydra bites you but does no damage. x3
The 12-headed hydra barely misses you.
The 12-headed hydra bites you but does no damage. x2
You take 2 damage, and have 35/140 hp.
You lop one of the 12-headed hydra's heads off!
The 11-headed hydra grows two more!
You slash the 13-headed hydra! You headbutt the 13-headed hydra.
The 13-headed hydra bites you but does no damage. x2
The 13-headed hydra closely misses you.
The 13-headed hydra bites you but does no damage. x2
The 13-headed hydra bites you.
* * * LOW HITPOINT WARNING * * *
The 13-headed hydra misses you. The 13-headed hydra barely misses you.
The 13-headed hydra bites you!
* * * LOW HITPOINT WARNING * * *
The 13-headed hydra bites you but does no damage. x2
You block the 13-headed hydra's attack. The 13-headed hydra bites you!
* * * LOW HITPOINT WARNING * * *
You take 18 damage, and have 17/140 hp.
Okay, then.
Okay, then.
Really read
D - 5 scrolls of blinking {!r}? [Y]es or [N]o only, please.
Really read
D - 5 scrolls of blinking {!r}?
Blink to where?
As you read the scroll of blinking {!r}, it crumbles to dust.
You feel yourself speed up.
Pigah's ghost mumbles some strange words.
A ball lightning comes into view.
A ball lightning comes into view.
Pigah's ghost waves its tentacles in wide circles.
The air twists around and strikes you!
* * * LOW HITPOINT WARNING * * *
You take 7 damage, and have 16/140 hp.
The ball lightning explodes!
The blast of lightning engulfs the ball lightning.
The ball lightning completely resists.
The blast of lightning engulfs the 13-headed hydra!!
The 13-headed hydra dies!
The blast of lightning engulfs the plant!!
The plant begins to die.
You hear a clap of thunder!
The 14-headed hydra roars!
The ball lightning explodes!
The blast of lightning engulfs you!!
You die...

....♣ ♣♣..........#..........##
.♣♣.♣ ♣....P..................#
♣♣♣.♣♣
♣........#..............#
♣♣.♣♣♣♣.........#..............
♣..♣.......(..#...............
♣♣.....##.....................
♣........##...#...............
♣
♣♣.......P#.#.................
♣ ♣........#.P@................
♣♣
♣...........P..............P#
.♣♣
♣............#..........P...#
..♣
♣♣.........###...........P###
..♣♣
♣♣........P###P.....W..#####
♣..♣ ♣.......P##
####..D#..###≈≈
♣♣.♣♣♣♣♣......## #....#..W.≈W
♣♣..♣♣♣♣#...## ######P......##≈
♣♣...♣ ♣♣### #....#....#.D.≈#


There were no monsters in sight!

Vanquished Creatures
  3 hydras
  A demonspawn (Orc:2)
  Erica (D:9)
  A catoblepas (Lair:5)
  2 death yaks
  A two-headed ogre (D:9)
  4 orc high priests (Orc:2)
  Sonja (Lair:3)
  A lindwurm (Lair:6)
  4 orc knights
  A deep elf pyromancer (D:8)
  A necromancer (D:10)
  7 orc sorcerers (Orc:2)
  A cyclops (Orc:1)
  2 oklob plants (Lair:5)
  11 elephants
  6 black mambas
  5 centaur zombies (D:10)
  A smoke demon (Orc:2)
  A torpor snail (Lair:3)
  2 demonic crawlers (Lair:6)
  7 centaur skeletons (D:10)
  20 cane toads
  11 komodo dragons
  A kobold demonologist (D:10)
  A rime drake (Lair:5)
  An ice devil (Orc:2)
  4 hornets (Lair:6)
  A troll (Orc:2)
  8 polar bears
  A tarantella (Lair:3)
  36 blink frogs
  2 dream sheep (Lair:6)
  11 spriggans
  7 wraiths (D:10)
  4 flying skulls
  3 shadows
  Eustachio (D:5)
  A basilisk (Lair:1)
  6 wyverns
  52 yaks
  2 steam dragons
  3 swamp worms (Lair:6)
  A warg (Orc:2)
  17 water moccasins
  The ghost of elongatedgoose the Sneak, an amateur SpBr (D:3)
  Duvessa (D:5)
  7 black bears
  An ice beast (D:7)
  29 orc warriors
  7 ogres
  25 wolves
  6 centaurs
  5 boggarts (Lair:6)
  5 kobold brigands
  13 bullfrogs
  A gnoll sergeant (D:8)
  2 necrophages
  4 scorpions
  8 wights
  Dowan (D:5)
  2 howler monkeys
  2 hounds (D:4)
  7 jellies
  24 orc priests
  2 gnoll shamans
  5 iguanas
  13 orc wizards
  7 hell rats (Lair:3)
  10 gnolls
  A howler monkey zombie (D:10)
  4 adders
  A howler monkey skeleton (D:10)
  2 ufetubi
  5 worms
  A dart slug (D:3)
  60 orcs
  4 endoplasms
  6 giant cockroaches
  17 goblins
  9 hobgoblins
  2 jackals (D:4)
  16 kobolds
  5 quokkas
  5 ball pythons
  5 bats
  3 frilled lizards
  5 rats
597 creatures vanquished.

Vanquished Creatures (others)
  A hydra (Lair:6)
  59 fungi
  70 plants
  2 withered plants (D:3)
132 creatures vanquished.

Grand Total: 729 creatures vanquished

Notes
Turn   | Place    | Note
-------+----------+-------------------------------------------
     0 | D:1      | swappor the Minotaur Berserker began the quest for the Orb.
     0 | D:1      | Reached XP level 1. HP: 19/19 MP: 0/0
   191 | D:1      | Reached skill level 4 in Axes
   277 | D:1      | Found a faded altar of an unknown god.
   335 | D:1      | Reached XP level 2. HP: 26/26 MP: 1/1
   979 | D:2      | Reached skill level 5 in Axes
  1049 | D:2      | Found Xeckaxt's Assorted Antiques.
  1065 | D:2      | Reached XP level 3. HP: 31/31 MP: 2/2
  1099 | D:2      | Reached ** piety under Trog
  1732 | D:3      | Found a white marble altar of Elyvilon.
  2013 | D:3      | Noticed an ogre
  2025 | D:3      | Killed an ogre
  2026 | D:3      | Reached skill level 6 in Axes
  2026 | D:3      | Reached skill level 5 in Fighting
  2026 | D:3      | Reached XP level 4. HP: 42/42 MP: 3/3
  2026 | D:3      | Reached XP level 5. HP: 48/48 MP: 4/4
  2308 | D:3      | Found a runed translucent door.
  2308 | D:3      | Noticed elongatedgoose's ghost (amateur SpBr)
  2757 | D:3      | Killed elongatedgoose's ghost
  2758 | D:3      | Reached skill level 6 in Fighting
  2758 | D:3      | Reached XP level 6. HP: 54/58 MP: 5/5
  3072 | D:4      | Reached skill level 7 in Fighting
  3287 | D:4      | Found a burning altar of Makhleb.
  3432 | D:4      | Noticed an orc warrior
  3446 | D:4      | Identified the +7 short sword of Laxeolol {vorpal, rElec
                  | rPois rN+ Int-2}
  3447 | D:4      | Killed an orc warrior
  3448 | D:4      | Reached skill level 8 in Fighting
  3453 | D:4      | HP: 14/61 [orc/the +7 short sword of Laxeolol {vorpal,
                  | rElec rPois rN+ Int-2} (5)]
  3989 | D:5      | Entered Level 5 of the Dungeon
  4017 | D:4      | Reached XP level 7. HP: 69/69 MP: 6/6
  4032 | D:5      | Noticed Eustachio
  4141 | D:4      | Reached skill level 9 in Fighting
  4869 | D:5      | Reached skill level 10 in Fighting
  4883 | D:5      | Found an opulent altar of Gozag.
  4910 | D:5      | Identified the +9 trident of Evisceration {venom, Str+2}
  4925 | D:5      | swappor: ??venom
  4925 | D:5      | beem: venom[1/1]: This brand will poison monsters 75% of
                  | the time on a successful hit with an amount scaling with
                  | how much damage you did. While poisoned, monsters will take
                  | a few points of damage every turn until they recover;
                  | multiple levels of poison will increase this linearly.
  4948 | D:5      | Reached skill level 1 in Polearms
  5071 | D:5      | Reached XP level 8. HP: 64/80 MP: 7/7
  5197 | D:5      | Reached skill level 2 in Polearms
  5206 | D:5      | Reached skill level 3 in Polearms
  5206 | D:5      | Reached skill level 3 in Armour
  5522 | D:5      | Noticed Duvessa
  5525 | D:5      | Killed Eustachio
  5526 | D:5      | Reached skill level 5 in Armour
  5534 | D:5      | Noticed Dowan
  5538 | D:4      | Reached *** piety under Trog
  5672 | D:5      | Reached skill level 6 in Armour
  5678 | D:5      | Killed Dowan
  5679 | D:5      | Reached skill level 4 in Polearms
  5743 | D:5      | Killed Duvessa
  6165 | D:6      | Reached skill level 7 in Armour
  6260 | D:6      | Found a stormy altar of Qazlal.
  6398 | D:6      | Found a staircase to the Ecumenical Temple.
  6414 | Temple   | Entered the Ecumenical Temple
  6775 | D:6      | Reached skill level 1 in Evocations
  6775 | D:6      | Reached XP level 9. HP: 68/86 MP: 8/8
  7022 | D:6      | Reached skill level 2 in Evocations
  7272 | D:6      | Reached skill level 8 in Armour
  7278 | D:6      | Reached skill level 3 in Evocations
  7568 | D:6      | Reached **** piety under Trog
  7582 | D:6      | Found a basalt altar of Yredelemnul.
  7654 | D:7      | Found a hide-covered altar of Uskayaw.
  7670 | D:7      | Identified the +10 falchion "Beastbane" {flame, Contam
                  | Str+3 SInv}
  7803 | D:7      | Reached skill level 4 in Evocations
  7965 | D:2      | Bought a potion of curing for 57 gold pieces
  7965 | D:2      | Bought a scroll labelled EXKEIR DIESHOTUIR for 19 gold
                  | pieces
  7965 | D:2      | Bought an orange potion for 17 gold pieces
  7965 | D:2      | Bought a glowing war axe for 123 gold pieces
  8208 | D:7      | Reached skill level 9 in Armour
  8208 | D:7      | Reached skill level 5 in Evocations
  8798 | D:8      | Reached skill level 10 in Armour
  8950 | D:8      | Noticed a deep elf pyromancer
  9370 | D:8      | Killed a deep elf pyromancer
  9371 | D:8      | Reached skill level 11 in Armour
  9371 | D:8      | Reached XP level 10. HP: 72/94 MP: 9/9
  9558 | D:8      | Found a staircase to the Lair.
 10244 | D:9      | Noticed a two-headed ogre
 10252 | D:9      | Killed a two-headed ogre
 10253 | D:9      | Reached skill level 12 in Armour
 10539 | D:9      | Reached skill level 13 in Armour
 10821 | D:9      | Reached skill level 14 in Armour
 10908 | D:9      | Noticed Erica
 10921 | D:9      | Killed Erica
 11083 | D:9      | Found a shadowy altar of Dithmenos.
 11175 | D:9      | Found a broken altar of Ashenzari.
 11361 | D:9      | Reached XP level 11. HP: 101/101 MP: 10/10
 11368 | D:9      | Reached skill level 15 in Armour
 11832 | D:9      | Reached skill level 3 in Dodging
 12053 | D:10     | Entered Level 10 of the Dungeon
 12106 | D:10     | Found a staircase to the Orcish Mines.
 12111 | D:10     | Found a shimmering blue altar of Sif Muna.
 12212 | D:10     | Reached skill level 4 in Dodging
 12328 | D:10     | Found a sparkling altar of Nemelex Xobeh.
 12382 | D:10     | Reached skill level 5 in Dodging
 12632 | D:10     | Reached skill level 6 in Dodging
 12724 | D:10     | Reached skill level 7 in Dodging
 12782 | D:10     | Reached skill level 8 in Dodging
 12844 | D:10     | Noticed a necromancer
 12965 | D:10     | Killed a necromancer
 12966 | D:10     | Reached skill level 9 in Dodging
 13095 | D:9      | Reached ***** piety under Trog
 13256 | D:10     | Found a blossoming altar of Fedhas.
 13505 | D:10     | Reached skill level 10 in Dodging
 13654 | D:10     | Found a shimmering altar of Xom.
 13732 | D:10     | Found a glowing silver altar of Zin.
 13776 | D:10     | Reached skill level 6 in Evocations
 14034 | Lair:1   | Entered Level 1 of the Lair of Beasts
 14186 | Lair:1   | Reached XP level 12. HP: 45/107 MP: 11/11
 14525 | Lair:1   | Found the +6 shillelagh "Devastator" {shatter}
 14541 | Lair:1   | Reached skill level 7 in Evocations
 14712 | Lair:1   | You fall into a shaft and drop 1 floor!
 14809 | Lair:1   | HP: 25/160 [cane toad (18)]
 14812 | Lair:1   | HP: 12/160 [water moccasin (4)]
 14814 | Lair:1   | Reached skill level 8 in Evocations
 14817 | Lair:1   | HP: 4/107 [poisoned by a water moccasin]
 14820 | Lair:1   | HP: 1/107 [poisoned by a water moccasin]
 15963 | Lair:1   | HP: 40/160 [poisoned by a cane toad]
 15965 | Lair:1   | Reached skill level 9 in Evocations
 15968 | Lair:1   | HP: 29/160 [poisoned by a cane toad]
 15973 | Lair:1   | HP: 13/107 [poisoned by a cane toad]
 16413 | Lair:2   | Identified the +1 ring mail of the Dwarven Hall {*Corrode
                  | rElec rF- Str+8}
 16574 | Lair:2   | Reached skill level 10 in Evocations
 16716 | Lair:2   | Reached skill level 11 in Fighting
 17157 | Lair:2   | Reached skill level 12 in Fighting
 17395 | Lair:2   | Found a snail-covered altar of Cheibriados.
 17674 | Lair:3   | Noticed Sonja
 17681 | Lair:3   | Killed Sonja
 17865 | Lair:3   | Found a hole to the Spider Nest.
 17983 | Lair:2   | Reached skill level 13 in Fighting
 18095 | Lair:3   | Noticed a death yak
 18110 | Lair:3   | Noticed a death yak
 18119 | Lair:2   | Killed a death yak
 18119 | Lair:2   | Identified the +8 war axe of Diet Blood {vorpal, rC+ Str+6}
                  | (Trog gifted it to you on level 2 of the Lair of Beasts)
 18119 | Lair:2   | Received a gift from Trog
 18120 | Lair:2   | Reached XP level 13. HP: 122/122 MP: 12/12
 18695 | Lair:3   | Reached skill level 7 in Axes
 18881 | Lair:4   | Reached skill level 14 in Fighting
 19519 | Lair:4   | Reached skill level 15 in Fighting
 19995 | Lair:4   | Found a staircase to the Shoals.
 20353 | Lair:4   | Reached skill level 16 in Fighting
 21003 | Lair:5   | Reached skill level 8 in Axes
 21438 | Lair:5   | Received a gift from Trog
 21447 | Lair:5   | Found a staircase to the Slime Pits.
 21771 | Lair:5   | Reached skill level 17 in Fighting
 21825 | Lair:5   | Reached skill level 9 in Axes
 22596 | Lair:5   | Reached XP level 14. HP: 105/140 MP: 13/13
 22882 | Orc:1    | Entered Level 1 of the Orcish Mines
 23097 | Orc:2    | Entered Level 2 of the Orcish Mines
 23166 | Orc:2    | Found Taoz's CLEARANCE SALE!.
 23173 | Orc:2    | Bought a scroll of fear for 24 gold pieces
 23514 | Orc:2    | Found Asmeubliagg's Distillery.
 24360 | Orc:2    | Found Baocun's General Store.
 24537 | Orc:2    | Bought a potion of haste for 140 gold pieces
 24537 | Orc:2    | Bought a potion of might for 56 gold pieces
 24537 | Orc:2    | Bought a potion of lignification for 42 gold pieces
 24537 | Orc:2    | Bought a potion of haste for 140 gold pieces
 24605 | Orc:2    | Reached skill level 10 in Axes
 24909 | Orc:2    | Received a gift from Trog
 25170 | Orc:2    | Found a staircase to the Elven Halls.
 26847 | Orc:2    | Reached skill level 11 in Axes
 26859 | Orc:2    | Found Kiowkyr's Jewellery Shop.
 26859 | Orc:2    | Found Assid's Antique Weapon Boutique.
 26859 | Orc:2    | Found a one-way gate leading to the halls of Pandemonium.
 26964 | Orc:2    | Identified a scroll of acquirement
 26965 | Orc:2    | Acquired the amulet of Altruism {rF+++ Will- Regen+ rCorr
                  | SInv}
 27747 | Orc:2    | Bought a box of beasts for 600 gold pieces
 27974 | Lair:6   | Entered Level 6 of the Lair of Beasts
 28142 | Lair:6   | Reached skill level 11 in Dodging
 28265 | Lair:6   | Paralysed by a hornet for 1 turns
 28283 | Lair:6   | Paralysed by a hornet for 3 turns
 28290 | Lair:6   | Reached skill level 12 in Axes
 28311 | Lair:6   | Identified the +9 glaive of Trog's Condemnation {antimagic,
                  | *Corrode Fragile rPois rF+++} (Trog gifted it to you on
                  | level 6 of the Lair of Beasts)
 28311 | Lair:6   | Received a gift from Trog
 28313 | Lair:6   | HP: 35/140 [komodo dragon[a boggart] (12)]
 28314 | Lair:6   | HP: 16/140 [komodo dragon[a boggart] (19)]
 28329 | Lair:6   | HP: 34/140 [wolf (7)]
 28344 | Lair:6   | HP: 35/140 [wolf (3)]
 28352 | Lair:6   | HP: 24/140 [spriggan/+0 rapier (1)]
 28365 | Lair:6   | HP: 15/140 [spriggan/+0 dagger (8)]
 28366 | Lair:6   | HP: 5/140 [spriggan/+0 dagger (10)]
 28372 | Lair:6   | HP: 9/140 [wolf (3)]
 28377 | Lair:6   | HP: 29/140 [spriggan/+0 short sword (3)]
 28391 | Lair:6   | HP: 29/140 [water moccasin[a boggart] (4)]
 28848 | Lair:6   | Reached skill level 16 in Armour
 29145 | Lair:6   | Found a runed translucent gate.
 29145 | Lair:6   | Found a runed translucent gate.
 29145 | Lair:6   | Found a runed translucent gate.
 29146 | Lair:6   | Noticed pigah's ghost (journeyman OpAE)
 29225 | Lair:6   | Reached skill level 13 in Axes
 29615 | Lair:6   | Identified the +1 robe of Valour {Dex+3}
 29807 | Lair:6   | HP: 35/140 [12-headed hydra (3)]
 29808 | Lair:6   | HP: 17/140 [13-headed hydra (8)]
 29816 | Lair:6   | HP: 16/140 [pigah's ghost/the air (8)]
 29820 | Lair:6   | Killed by an exploding ball lightning

Illustrated notes

Levels and vault maps discovered:
D:1:      nagdon_arrival_zigzag_paths, layout_loops_ring,
          hellmonk_ecumenical_altar_heavens_door
D:2:      layout_rooms, serial_shops, shop_statue, wad_orctagon
D:3:      layout_loops_corners, overflow_temple_1_default,
          gammafunk_ghost_grave, minmay_ogre_servants
D:4:      layout_loops_cross, lightli_temple_of_fire
D:5:      minmay_evil_eye, layout_rooms, grunt_gozag_breadcrumbs, uniq_duvessa,
          uniq_eustachio
D:6:      layout_basic, nicolae_overflow_hidden_temple, grunt_qazlal_sundering,
          minmay_temple_entry_junction, due_unseen_surprise
D:7:      layout_loops_ring, eat_drink_and_be_merry_uskayaw
D:8:      layout_basic, david_lair_shrubbed, serial_curves, eino_curves_02,
          eino_curves_02, eino_curves_01, minmay_tree_intersection
D:9:      layout_cave_pods, grunt_dithmenos_smoke_and_mirrors,
          kennysheep_mini_moat, minmay_fractal_squares_diagonal_5, uniq_erica
D:10:     hangedman_screamer, layout_rooms, mainiacjoe_overflow_catwalk,
          old_standard_altar, fedhas_ov_isle_minmay,
          mainiacjoe_overflow_alcove_4, lemuel_coloured_pillars_altar,
          roderic_roman_lattice, lightli_orcish_oven
Temple:   compressed_dpeg_triangle_lava_temple
Lair:1:   layout_chaotic_city, beast_lair_carwin_10, grunt_megastairs_3
Lair:2:   layout_chaotic_city, basic_altar, grunt_forest_stairs_clearing
Lair:3:   layout_loops_ring, spider_nest_entry_rubble, grunt_megastairs_2,
          uniq_sonja
Lair:4:   layout_regular_city, shoals_dummy_entry, serial_bayou_pond_a,
          beast_lair_carwin_7
Lair:5:   layout_hall_layers, nicolae_slime_entry_slimehenge,
          eino_small_chamber_without_monster, lemuel_fruit_tree,
          grunt_megastairs_1, infiniplex_staircase_pool_2
Lair:6:   minmay_lair_end_enchanted_forest, layout_cave_pods,
          gammafunk_ghost_hydra_chop, enter_volcano_1, st_stairs_7,
          chequers_serial_rivers_small_b, nicolae_quartered_pool_impasse,
          worms_lemuel
Orc:1:    layout_caves
Orc:2:    pf_orc_diabolical, layout_caves, nicolae_shop_clearance

Skill      XL: |  1  2  3  4  5  6  7  8  9 10 11 12 13 14 |
---------------+-------------------------------------------+-----
Axes           | 4 5 6 9 13 | 13.1
Fighting       | 5 6 8 10 13 17 | 17.0
Polearms       | 1 4 |  4.5
Armour         | 7 11 14 15 16 | 16.2
Evocations     | 1 5 6 10 | 10.0
Dodging        | 10 11 | 11.6

Action                   |  1- 3 |  4- 6 |  7- 9 | 10-12 | 13-15 || total
-------------------------+-------+-------+-------+-------+-------++-------
Melee: Hand axe          |    94 |    79 |    54 |       |       ||   227
       Headbutt          |    17 |    16 |    47 |   103 |   161 ||   344
       Trident           |       |       |   196 |   549 |       ||   745
       Punch             |       |       |     3 |     6 |     5 ||    14
       War axe           |       |       |       |       |   709 ||   709
Throw: Stone             |    16 |       |       |       |       ||    16
       Boomerang         |    42 |    13 |    40 |     3 |       ||    98
       Dart              |       |     5 |     3 |     6 |     2 ||    16
       Javelin           |       |       |       |    55 |    10 ||    65
Invok: Berserk           |     1 |       |       |     2 |       ||     3
       Trog's Hand       |       |       |       |     1 |     2 ||     3
Evoke: Wand              |       |       |       |     7 |    18 ||    25
       Phial of floods   |       |       |       |       |     2 ||     2
       Box of beasts     |       |       |       |       |     1 ||     1
  Use: Scroll            |     6 |       |     8 |    14 |    10 ||    38
       Potion            |       |     2 |       |       |     5 ||     7
Armor: Animal skin       |    17 |       |       |       |       ||    17
       Leather armour    |     8 |    13 |       |       |       ||    21
       Ring mail         |       |     7 |       |       |       ||     7
       Plate armour      |       |     4 |   156 |   354 |   512 ||  1026
Dodge: Dodged            |    46 |    25 |    81 |   247 |   444 ||   843
Block: Buckler           |       |       |       |       |    32 ||    32

Table legend: (Time is in decaauts)
 A = Elapsed time spent in this place.
 B = Non-inter-level travel time spent in this place.
 C = Inter-level travel time spent in this place.
 D = Time resting spent in this place.
 E = Time spent auto-exploring this place.
 F = Levels seen in this place.
 G = Mean time per level.
                   A        B        C        D        E       F      G
               +--------+--------+--------+--------+--------+-----+--------+
         Total |  29986 |  28447 |   1539 |   6751 |  14818 |  19 | 1578.2 |
       Dungeon |  14306 |  13341 |    965 |   2510 |   7446 |  10 | 1430.6 |
        Temple |    205 |    189 |     16 |      0 |    181 |   1 |  205.0 |
          Lair |  10551 |  10213 |    338 |   2159 |   5594 |   6 | 1758.5 |
  Orcish Mines |   4922 |   4703 |    219 |   2082 |   1596 |   2 | 2461.0 |
               +--------+--------+--------+--------+--------+-----+--------+

Top non-repeatable levels by time:
   Orc:2: 3578 daAuts
  Lair:5: 2557 daAuts
  Lair:1: 2110 daAuts
     D:9: 2014 daAuts
     D:4: 1863 daAuts
     D:8: 1799 daAuts
  Lair:4: 1723 daAuts
    D:10: 1580 daAuts
  Lair:2: 1456 daAuts
  Lair:6: 1453 daAuts
     D:6: 1438 daAuts
     D:5: 1418 daAuts
   Orc:1: 1344 daAuts
     D:7: 1266 daAuts
  Lair:3: 1250 daAuts

Table legend:
 A = Kills in this place as a percentage of kills in entire the game.
 B = Kills by you in this place as a percentage of kills by you in the entire game.
 C = Kills by friends in this place as a percentage of kills by friends in the entire game.
 D = Other kills in this place as a percentage of other kills in the entire game.
 E = Experience gained in this place as a percentage of experience gained in the entire game.
 F = Experience gained in this place divided by the number of levels of this place that you have seen.
                   A       B       C       D       E      F
               +-------+-------+-------+-------+-------+----------------------
         Total | 100.0 | 100.0 |   N/A | 100.0 | 100.0 | 5283.2
       Dungeon |  42.5 |  42.5 |   N/A |   0.0 |  21.0 | 2107.5
          Lair |  40.6 |  40.5 |   N/A | 100.0 |  62.4 | 10438.2
  Orcish Mines |  16.9 |  16.9 |   N/A |   0.0 |  16.6 | 8338.0
               +-------+-------+-------+-------+-------+----------------------
